[Event "Late-Titled-Tuesday-Blitz-February-20-2024"]
[Site "Chess.com"]
[Date "2024.02.20"]
[Round "9"]
[White "Pelusiansky"]
[Black "Abund"]
[Result "1/2-1/2"]
[WhiteElo "2575"]
[BlackElo "2768"]
[TimeControl "180+1"]
[EndTime "15:45:56 PST"]
[Termination "Game drawn - insufficient material"]

1. c4 e5 2. Nc3 Nc6 3. g3 g6 4. Bg2 Bg7 5. e3 d6 6. Nge2 Nge7 7. O-O O-O 8. d3 Be6 9. Nd5 f5 10. Rb1 a5 11. a3 Qd7 12. Nec3 Nc8 13. Nb5 Bxd5 14. Bxd5+ Kh8 15. Bg2 a4 16. Bd2 Nb6 17. Nc3 Na5 18. Nd5 Nxd5 19. Bxd5 Nb3 20. Bc3 c6 21. Bg2 Rac8 22. Qe2 Qe6 23. Rbd1 Rce8 24. Rfe1 Re7 25. Qf1 Rfe8 26. h4 Qf7 27. Kh2 f4 28. exf4 exf4 29. Rxe7 Rxe7 30. d4 f3 31. Bh1 Re4 32. Rd3 Qxc4 33. Bxf3 Re8 34. Qd1 d5 35. Be2 Qa6 36. Bf1 Qa8 37. Re3 Rxe3 38. fxe3 Qe8 39. Qf3 Qe6 40. Bd3 Bf6 41. h5 Kg7 42. hxg6 hxg6 43.
Kg2 Bg5 44. Kf2 Bf6 45. Bc2 b6 46. Qe2 c5 47. Qd3 Qg4 48. dxc5 Nxc5 49. Bxf6+ Kxf6 50. Qxd5 Ne6 51. Qf3+ Qxf3+ 52. Kxf3 Nc5 53. Kf4 g5+ 54. Kg4 b5 55. e4 Nd7 56. Kf3 Ne5+ 57. Kf2 Ke6 58.
Bb1 Kd6 59. Ke2 Nc4 60. Bd3 Nxb2 61. Bxb5 Kc5 62. Be8 Kd4 63. Kf3 Ke5 64. Bc6 Nc4 65. Bxa4 Nxa3 66. Bc6 Nc4 67. Bd5 Nd6 68. Kg4 Kf6 69.
Kh5 Nb5 70. Bb7 Nc3 71. e5+ Kxe5 72. Kxg5 Nb5 73. g4 Nd6 74. Bf3 Ke6 75. Kg6 Ke5 76. g5 Kf4 77. Bd1 Ne4 78. Bc2 Nxg5 1/2-1/2

[Event "Late-Titled-Tuesday-Blitz-February-20-2024"]
[Site "Chess.com"]
[Date "2024.02.20"]
[Round "9"]
[White "noblerone"]
[Black "Sajkochess"]
[Result "1-0"]
[WhiteElo "2505"]
[BlackElo "2369"]
[TimeControl "180+1"]
[EndTime "15:46:11 PST"]
[Termination "noblerone won on time"]

1. d4 Nf6 2. c4 e6 3. Nc3 Bb4 4. Qb3 c5 5. dxc5 Nc6 6. Nf3 Bxc5 7. g3 Na5 8. Qa4 b6 9. Bg2 Bb7 10. b4 Bc6 11. Nb5 Bxf2+ 12. Kxf2 Ne4+ 13. Ke1 Qf6 14. Rb1 Nxc4 15. Nc7+ Kd8 16. b5 Qc3+ 17. Kf1 Kxc7 18.
bxc6 dxc6 19. Qb4 Qxb4 20. Rxb4 Rad8 21. Bf4+ e5 22. e3 exf4 23. Rxc4 Nd2+ 24. Nxd2 Rxd2 25. Rxf4 Rxa2 26. Bf3 f6 27. Rd4 Rd8 28. Rxd8 Kxd8 29. Bxc6 Kc7 30. Be4 Kd6 31. Rg1 Ke5 32. Bxh7 g5 33.
Rg2 Ra1+ 34. Kf2 a5 35. Kf3 a4 36. Rb2 Rf1+ 37. Kg2 Re1 38. Rxb6 Rxe3 39. Ra6 a3 40.
Bg8 Rc3 41. h4 gxh4 42. gxh4 Kf5 43. h5 Kg5 44. Be6 Kxh5 45. Kf2 Kg5 46. Bf7 f5 47. Ke2 Kf4 48. Bd5 Re3+ 49. Kd2 Rh3 50. Be6 Ke5 51. Bf7 f4 52. Ra5+ Kd4 53. Be6 Rh2+ 54. Ke1 Ke3 55. Rxa3+ Kd4 56. Ra4+ Ke5 57. Bg4 Rg2 58. Bf3 Rg3 59.
Kf2 Rh3 60. Ra5+ Kf6 61. Rd5 Rh2+ 62. Kf1 Rh3 63. Ke2 Rh2+ 64. Kd3 Rf2 65. Ke4 Rf1 66. Kxf4 Ke6 67. Ra5 Kd6 68. Rd5+ Ke6 69. Rd4 Kf6 70. Rd6+ Ke7 71. Ra6 Kd7 72. Ke4 Kc7 73. Be2 Re1 74.
Ke3 Rc1 75. Kd4 Rc6 76. Ra5 Rc1 77. Bf3 Rc2 78. Bd5 Rd2+ 79. Ke5 Re2+ 80. Be4 Re1 81. Rb5 Re2 82. Rb7+ Kc8 83. Rh7 Re1 84. Kd5 Kb8 85.
Bf5 Rd1+ 86. Kc5 Rc1+ 87. Kb6 Ka8 88. Rh8+ 1-0

[Event "Late-Titled-Tuesday-Blitz-February-20-2024"]
[Site "Chess.com"]
[Date "2024.02.20"]
[Round "9"]
[White "VinzentSpitzl"]
[Black "wild3000"]
[Result "1/2-1/2"]
[WhiteElo "2525"]
[BlackElo "2399"]
[TimeControl "180+1"]
[EndTime "15:46:21 PST"]
[Termination "Game drawn - insufficient material"]

1. e4 d6 2. d4 e6 3. Nc3 a6 4. a4 Nf6 5. h3 c5 6. Nge2 cxd4 7. Nxd4 Nc6 8. Be3 Be7 9. g3 O-O 10.
Bg2 Bd7 11. O-O Nxd4 12. Bxd4 Bc6 13. Qd2 Rc8 14. Rfd1 Qa5 15. Nd5 Qd8 16. Nxe7+ Qxe7 17. Qe3 e5 18. Bb6 Qe6 19. c3 d5 20. exd5 Nxd5 21.
Qc5 Nxb6 22. Qxb6 Bxg2 23. Qxe6 fxe6 24. Kxg2 Rc6 25. Rd7 Rf7 26. Rad1 Rb6 27. b4 Rc6 28. Rxf7 Kxf7 29. Rd7+ Kf6 30. Rxb7 Rxc3 31. Rb6 Rb3 32. b5 axb5 33. Rxb5 Ra3 34. a5 e4 35. Kf1 e3 36.
fxe3 Rxe3 37. Kf2 Ra3 38. h4 h6 39. g4 g5 40. h5 Ra4 41. Kf3 Rf4+ 42. Kg3 Ra4 43.
Rc5 Ra3+ 44. Kf2 Ke7 45. Rc7+ Kd6 46. Rh7 Rxa5 47. Rxh6 Ra4 48. Kg3 Ra3+ 49. Kg2 Ke5 50. Rg6 Kf4 51. h6 Kxg4 52. h7 Rg3+ 53. Kf2 Rh3 54.
Rxe6 Rxh7 55. Re4+ Kh5 56. Kg2 Ra7 57. Re3 Kg4 58.
Rb3 Ra4 59. Kf2 Ra2+ 60. Kg1 Kh4 61. Rc3 g4 62. Rb3 Rc2 63. Ra3 g3 64. Ra8 Rc1+ 65. Kg2 Rc2+ 66. Kg1 Rc5 67. Rh8+ Kg4 68. Rg8+ Rg5 69.
Rxg5+ Kxg5 70. Kg2 Kf4 71. Kg1 Kg4 72. Kg2 Kh4 73. Kg1 Kh3 74. Kh1 Kg4 75. Kg2 Kf4 76. Kg1 Kf3 77. Kf1 g2+ 78. Kg1 Kf4 79. Kxg2 1/2-1/2

[Event "Late-Titled-Tuesday-Blitz-February-20-2024"]
[Site "Chess.com"]
[Date "2024.02.20"]
[Round "9"]
[White "Elsa167"]
[Black "Jospem"]
[Result "1-0"]
[WhiteElo "2898"]
[BlackElo "3073"]
[TimeControl "180+1"]
[EndTime "15:46:42 PST"]
[Termination "Elsa167 won by checkmate"]

1. d4 Nf6 2. c4 e6 3. Nf3 Bb4+ 4.
Nbd2 O-O 5. e3 b6 6. Bd3 Bb7 7. O-O Bxd2 8. Bxd2 d6 9. Qe2 c5 10. Rfd1 Nbd7 11. b3 Qc7 12. Bc3 Rfe8 13. Bb2 e5 14. dxe5 dxe5 15. Bf5 Nf8 16. Rac1 Ng6 17. Bb1 Be4 18.
Bxe4 Nxe4 19. Qc2 Nf6 20. Rd2 e4 21. Ng5 Ng4 22. g3 Qb7 23. Rcd1 N4e5 24. Bxe5 Nxe5 25. Rd5 f5 26. Nh3 Qf7 27. Qc3 Nf3+ 28. Kg2 h6 29. Rd7 Re7 30. Rxe7 Qxe7 31. Nf4 Qf7 32. Nd5 Qh5 33.
h3 Ng5 34. Rh1 Qf3+ 35. Kg1 Qe2 36. Kg2 Re8 37. Qc1 Nf3 38. Qd1 Qxa2 39. g4 fxg4 40. hxg4 Qb2 41. Nf4 Qe5 42. Kg3 Ng5 43. Qd5+ Qxd5 44.
Nxd5 Rf8 45. Ra1 Rf7 46. b4 cxb4 47. Nxb4 Rc7 48. Nd5 Rf7 49. Nb4 Kh7 50. Nc6 a5 51. Nd4 Rc7 52. Rb1 Rxc4 53. Rxb6 Rc1 54. Rb7 a4 55. Nf5 Ne6 56. Re7 Rc6 57. Ra7 Rb6 58.
Ne7 Ng5 59. Nd5 Rg6 60. Nf4 Rc6 61. Rxa4 Rc1 62. Kg2 Rc2 63. Nh5 Rc7 64. Ra6 Rf7 65. Nf4 Re7 66. Ng6 Rf7 67. Nf4 Nf3 68. Kg3 Rc7 69.
Re6 Ng5 70. Rb6 Rc1 71. Kg2 Nf3 72. Nh5 Rg1+ 73. Kh3 Ng5+ 74. Kh4 Nf3+ 75. Kh3 Ng5+ 76. Kh4 Rg2 77. Rb7 Ne6 78. Re7 Ng5 79. Nf6+ Kg6 80. Nh5 Kh7 81. Rxg7+ Kh8 82. Re7 Rxf2 83. Nf4 Kg8 84.
Kh5 Nh7 85. Kxh6 Nf8 86. Rg7+ Kh8 87. Rf7 Kg8 88. Rg7+ Kh8 89. Re7 Kg8 90. Rxe4 Kf7 91. Kg5 Nh7+ 92. Kf5 Ra2 93. Rd4 Nf8 94. Rd5 Rf2 95. e4 Ng6 96. Rd7+ Ke8 97. Kxg6 Kxd7 98. Kf5 Ke7 99. g5 Ra2 100. e5 Ra5 101. g6 Ra4 102. Nd5+ Kf8 103. Kf6 Rd4 104. g7+ Kg8 105. Ne7+ Kh7 106. g8=Q+ Kh6 107. Qg6# 1-0

[Event "Late-Titled-Tuesday-Blitz-February-20-2024"]
[Site "Chess.com"]
[Date "2024.02.20"]
[Round "9"]
[White "Hikaru"]
[Black "Msb2"]
[Result "1/2-1/2"]
[WhiteElo "3241"]
[BlackElo "3028"]
[TimeControl "180+1"]
[EndTime "15:47:10 PST"]
[Termination "Game drawn - insufficient material"]

1. h3 d5 2. Nf3 Nf6 3. e3 e6 4. c4 Bd6 5. b3 O-O 6. Bb2 c5 7. cxd5 exd5 8. d4 Nc6 9. Nbd2 cxd4 10. Nxd4 Nxd4 11. Bxd4 Qe7 12. Bd3 Be5 13. Nf3 Bxd4 14.
Nxd4 Bd7 15. O-O Rac8 16. Qd2 Rc7 17. Rac1 Rfc8 18. Rxc7 Rxc7 19. Rc1 Qd6 20. Rd1 a6 21. Ne2 Qe5 22. Nf4 Be6 23. Qa5 Rc8 24. Qb6 Qc7 25. Qb4 h6 26. Ne2 Qd7 27. Nd4 Rc7 28. Qb6 Rc8 29. Qb4 Rc7 30. Qd2 Qd6 31. b4 Rc8 32. b5 axb5 33. Nxb5 Qc5 34. Nd4 Qc3 35. Qe2 Qa3 36. Qd2 Qc3 37. Qe2 Qa3 38. Kh2 Rc1 39. Rd2 Qd6+ 40. f4 Qc7 41. Rb2 Bc8 42. Qd2 Qc3 43. Nb5 Qxd2 44. Rxd2 Bd7 45. Nd4 Rc3 46. Kg1 Ra3 47. Kf2 Kf8 48. Ke2 Ke7 49. Rb2 Bc8 50.
Nb5 Ra5 51. Kd2 Bd7 52. Nd4 Bc8 53. Ke2 Ne8 54. Bf5 Bxf5 55. Nxf5+ Kf6 56. g4 Ra6 57. Rxb7 g6 58. Nxh6 Nd6 59. Rc7 Rxa2+ 60. Kf3 Ke6 61. g5 Ra3 62. Ng4 d4 63. Rc5 dxe3 64. Re5+ Kd7 65. Nf6+ Kc6 66. Rxe3 Rxe3+ 67. Kxe3 Nf5+ 68. Ke4 Kd6 69. Ng4 Ke6 70. Kf3 Nd6 71. Ne3 f6 72.
Kg4 fxg5 73. Kxg5 Kf7 74. Nd5 Kg7 75. Kg4 Nf7 76. Ne3 Nh6+ 77. Kf3 Nf7 78. Ke4 Nd6+ 79. Ke5 Nf7+ 80. Ke6 Nd8+ 81. Kd7 Nf7 82. Ke7 Nh6 83.
Ke6 Nf7 84. Ng4 Nd8+ 85. Kd5 Nf7 86. h4 Nd8 87. Kd6 Nb7+ 88. Kd5 Nd8 89. Ke5 Nc6+ 90.
Ke4 Ne7 91. Ne3 Kh6 92. Kf3 Kh5 93. Kg3 Kh6 94. Kg4 Kh7 95. Kg5 Kg7 96. Nc4 Nf5 97. Ne5 Ne7 98. Nc4 Nd5 99. Nd6 Nc7 100. Nc4 Ne6+ 101.
Kg4 Kh6 102. Ne5 Ng7 103. Nf7+ Kh7 104. Nd6 Kh6 105. Nc4 Ne6 106. Ne5 Ng7 107. Nf3 Ne6 108. Ng5 Ng7 109. Nf7+ Kh7 110. Nd8 Kh6 111. Nb7 Ne6 112. Nd6 Nxf4 113. Nf7+ Kg7 114. Ne5 Ng2 115. Nxg6 Nxh4 1/2-1/2

[Event "Late-Titled-Tuesday-Blitz-February-20-2024"]
[Site "Chess.com"]
[Date "2024.02.20"]
[Round "9"]
[White "alexrustemov"]
[Black "ukchessbomber"]
[Result "1/2-1/2"]
[WhiteElo "2857"]
[BlackElo "2623"]
[TimeControl "180+1"]
[EndTime "15:47:25 PST"]
[Termination "Game drawn by repetition"]

1. d4 b5 2. e4 Bb7 3. Nd2 a6 4. Bd3 d6 5. Ngf3 Nd7 6. O-O g6 7. c3 Bg7 8. a4 b4 9. cxb4 e5 10.
dxe5 dxe5 11. Nb3 Ne7 12. Na5 Bc8 13. Be3 O-O 14. Qc2 f5 15. Bc4+ Kh8 16. Ng5 Nf6 17. Nf7+ Rxf7 18. Bxf7 Nxe4 19. Rfd1 Nd6 20. Nc6 Nxc6 21.
Qxc6 Bb7 22. Qc2 f4 23. Bc5 Be4 24. Qe2 f3 25. Qe3 Qh4 26. Bxd6 Qg4 27. Kf1 fxg2+ 28. Kg1 cxd6 29. Bd5 Bxd5 30. Rxd5 Qxb4 31. Rad1 Rd8 32. b3 Bf6 33. Kxg2 Qg4+ 34. Qg3 Qe6 35. h3 Kg7 36. b4 h5 37. b5 axb5 38. axb5 Be7 39. Qf3 Rf8 40. Qg3 Qf5 41. b6 Qe4+ 42. Kg1 Bh4 43. Qg2 Bxf2+ 44. Kh1 Qxg2+ 45. Kxg2 Bxb6 46. Rxd6 Bd4 47. Rd7+ Kh6 48. Rf1 Rxf1 49. Kxf1 Kg5 50. Kg2 Kf5 51.
Rd5 Ke4 52. Rd6 Kf5 53. Rd5 g5 54. Rd8 Be3 55. Rf8+ Ke4 56. Rh8 h4 57. Rg8 Bf4 58.
Kf2 Bg3+ 59. Ke2 Bf4 60. Rg7 Kd5 61. Kf3 e4+ 62. Ke2 Kd4 63. Rd7+ Ke5 64. Ra7 Kf5 65. Ra5+ Ke6 66. Ra4 Ke5 67. Ra5+ Kd4 68. Ra4+ Kd5 69. Ra5+ Ke6 70. Rb5 Kf6 71. Kf2 Ke6 72. Kg2 Kd6 73. Rb4 Kd5 74. Kf2 g4 75. hxg4 h3 76. Rb7 Bh6 77.
Rh7 e3+ 78. Kf3 Bg5 79. Rxh3 Kd4 80. Ke2 Ke4 81. Rf3 Bf4 82. Rf1 Ke5 83. Kf3 Bg5 84. Re1 Ke6 85. Rd1 Ke5 86. Rb1 Ke6 87.
Rb5 Kf6 88. Rf5+ Kg6 89. Re5 Kf6 90. Re4 Kg6 91. Ke2 Kf6 92. Kd3 Bh6 93. Kc4 Kg5 94. Kd3 Kh4 95. Ke2 Kh3 96. Re6 Bg5 97. Re4 Kg3 98.
Rc4 Bf4 99. g5 Bxg5 100. Rc5 Kg4 101. Rc6 Kf4 102. Rc8 Kg4 103. Re8 Bf4 104. Rg8+ Bg5 105. Rg7 Kf4 106. Rf7+ Kg4 107. Rf8 Bf4 108. Rg8+ Bg5 109. Rg7 Kf4 110. Kf1 Kg4 111. Kg2 Kf4 112. Kf1 Kg4 113. Ke1 Kf4 114. Ke2 Kg4 115. Ra7 Kg3 116. Ra4 Bf4 117. Re4 Kg4 118. Rd4 Kg3 119. Rd8 Bg5 120. Rg8 Kg4 1/2-1/2

[Event "Late-Titled-Tuesday-Blitz-February-20-2024"]
[Site "Chess.com"]
[Date "2024.02.20"]
[Round "10"]
[White "JonSnowNW1"]
[Black "Jadro9"]
[Result "1-0"]
[WhiteElo "2521"]
[BlackElo "2623"]
[TimeControl "180+1"]
[EndTime "15:48:32 PST"]
[Termination "JonSnowNW1 won by resignation"]

1. c4 d6 2. Nc3 Nd7 3. g3 e5 4. Bg2 g6 5. Nf3 Bg7 6. O-O Ne7 7. d3 O-O 8. Rb1 a5 9. a3 h6 10. b4 axb4 11. axb4 f5 12. Bb2 Nf6 13. Ra1 g5 14.
Rxa8 1-0

[Event "Late-Titled-Tuesday-Blitz-February-20-2024"]
[Site "Chess.com"]
[Date "2024.02.20"]
[Round "10"]
[White "Mr_Heisenberg13"]
[Black "Grischuk"]
[Result "1/2-1/2"]
[WhiteElo "2879"]
[BlackElo "3046"]
[TimeControl "180+1"]
[EndTime "15:48:44 PST"]
[Termination "Game drawn by repetition"]

1. d4 e6 2. e4 d5 3. Nc3 Nf6 4. e5 Nfd7 5. f4 c5 6. Nf3 Nc6 7. Be3 cxd4 8. Nxd4 Qb6 9. Qd2 Qxb2 10. Rb1 Qa3 11. Bb5 Nxd4 12. Bxd4 a6 13. Bxd7+ Bxd7 14. Rb3 Qe7 15. Rxb7 Qh4+ 16. g3 Qd8 17. Bb6 Qc8 18. Rc7 Qd8 19. Rb7 Qc8 20. Rc7 Qd8 21. Rb7 1/2-1/2

[Event "Late-Titled-Tuesday-Blitz-February-20-2024"]
[Site "Chess.com"]
[Date "2024.02.20"]
[Round "10"]
[White "Oleksandr_Bortnyk"]
[Black "maxip32"]
[Result "1-0"]
[WhiteElo "3049"]
[BlackElo "2650"]
[TimeControl "180+1"]
[EndTime "15:49:30 PST"]
[Termination "Oleksandr_Bortnyk won by resignation"]

1. e4 e5 2. Nf3 Nf6 3. Nxe5 d6 4. Nf3 Nxe4 5. Bd3 Nf6 6. O-O Be7 7. c3 O-O 8. Bc2 c6 9. h3 Re8 10. d4 Na6 11. Bf4 Nc7 12. Nbd2 Ne6 13. Bh2 h6 14. Re1 Ng5 15. Nxg5 hxg5 16. Qf3 g4 17. hxg4 Bxg4 18. Qg3 Bf8 19. Qh4 Qd7 20. Bf4 Bf5 21. Bb3 Rxe1+ 22.
Rxe1 Re8 23. Rxe8 Qxe8 24. Nf3 Qe4 25. Bxf7+ Kxf7 26. Ng5+ Kg8 27. Nxe4 Bxe4 28. Bg5 Be7 29. Bxf6 1-0

[Event "Late-Titled-Tuesday-Blitz-February-20-2024"]
[Site "Chess.com"]
[Date "2024.02.20"]
[Round "10"]
[White "chessydotcom"]
[Black "Pachonpower"]
[Result "1-0"]
[WhiteElo "2248"]
[BlackElo "2307"]
[TimeControl "180+1"]
[EndTime "15:50:05 PST"]
[Termination "chessydotcom won by resignation"]

1. e4 g6 2. d4 Bg7 3. c3 b6 4.
Bd3 Bb7 5. Nf3 d6 6. Qe2 Nd7 7. Nbd2 e5 8. Nc4 exd4 9. cxd4 Ne7 10. Bg5 O-O 11. O-O f6 12. Be3 Qe8 13. Rac1 Rc8 14.
Ncd2 Kh8 15. Ba6 Bxa6 16. Qxa6 c5 17. Nc4 1-0

[Event "Late-Titled-Tuesday-Blitz-February-20-2024"]
[Site "Chess.com"]
[Date "2024.02.20"]
[Round "10"]
[White "NtcPou"]
[Black "morte-negra"]
[Result "0-1"]
[WhiteElo "1998"]
[BlackElo "2011"]
[TimeControl "180+1"]
[EndTime "15:50:38 PST"]
[Termination "morte-negra won by resignation"]

1. e4 c5 2. Nf3 d6 3. Bb5+ Nd7 4. a4 a6 5. Be2 e5 6. O-O g6 7. c3 Bg7 8. d4 Ne7 9. a5 O-O 10. Bg5 b5 11. axb6 Nxb6 12. Na3 Bb7 13. Bd3 h6 14. Bh4 f5 15. exf5 e4 16. Qb3+ Kh8 17. Qxb6 Qxb6 0-1

[Event "Late-Titled-Tuesday-Blitz-February-20-2024"]
[Site "Chess.com"]
[Date "2024.02.20"]
[Round "10"]
[White "LuckyTiger"]
[Black "ukchessbomber"]
[Result "1-0"]
[WhiteElo "2783"]
[BlackElo "2618"]
[TimeControl "180+1"]
[EndTime "15:50:50 PST"]
[Termination "LuckyTiger won by resignation"]

1. e4 b6 2. d4 Bb7 3. Nc3 d5 4. Bb5+ c6 5. Bd3 e6 6. Nf3 Nd7 7. O-O g6 8. Bf4 Bg7 9. exd5 cxd5 10. Nb5 e5 11. dxe5 Bc6 12. Nd6+ Kf8 13. Re1 d4 14. Nxf7 Kxf7 15. e6+ Kf8 16. Bd6+ Ke8 17. exd7+ Kxd7 18. Be5 Bxe5 19. Nxe5+ Kc7 20. Nxc6 Kxc6 21. Be4+ Kc5 22. Bxa8 Qxa8 23. b4+ Kb5 24. Qd3+ 1-0

[Event "Late-Titled-Tuesday-Blitz-February-20-2024"]
[Site "Chess.com"]
[Date "2024.02.20"]
[Round "10"]
[White "davigator"]
[Black "cmunda"]
[Result "0-1"]
[WhiteElo "2393"]
[BlackElo "2161"]
[TimeControl "180+1"]
[EndTime "15:50:50 PST"]
[Termination "cmunda won by resignation"]

1. e4 c5 2. Nf3 Nc6 3. d4 cxd4 4. Nxd4 e6 5. Nc3 Nf6 6. a3 d6 7. f4 Be7 8. Be3 O-O 9. Bd3 e5 10. Nxc6 bxc6 11. Qf3 Ng4 12. Bg1 f5 13. h3 fxe4 14. Bxe4 Rxf4 15. Qd3 Nf6 16. Bxc6 Bf5 17. Qc4+ Rxc4 18.
Bxa8 Qxa8 19. O-O-O Qxg2 0-1

[Event "Late-Titled-Tuesday-Blitz-February-20-2024"]
[Site "Chess.com"]
[Date "2024.02.20"]
[Round "10"]
[White "FREZZY23"]
[Black "Ze-Pequeno"]
[Result "0-1"]
[WhiteElo "2415"]
[BlackElo "2275"]
[TimeControl "180+1"]
[EndTime "15:50:56 PST"]
[Termination "Ze-Pequeno won by resignation"]

1. Nf3 Nf6 2. g3 g6 3. Bg2 d5 4. O-O Bg7 5. d4 c6 6. c4 O-O 7.
cxd5 cxd5 8. Nc3 Ne4 9. Ng5 Nxc3 10. bxc3 Nc6 11. Nh3 e6 12. Nf4 b6 13. e4 dxe4 14. Bxe4 Bb7 15. Ba3 Re8 16. Re1 Qd7 17. Qf3 Na5 18.
Bxb7 Qxb7 19. Qxb7 Nxb7 20. Nd3 Rac8 21. Rac1 Rc4 22.
Nb2 Rcc8 23. Red1 Red8 24. Be7 Rd7 25. Bg5 Nd6 26. c4 Nf5 27. d5 Bxb2 0-1

[Event "Late-Titled-Tuesday-Blitz-February-20-2024"]
[Site "Chess.com"]
[Date "2024.02.20"]
[Round "10"]
[White "Cristi_Coca"]
[Black "rdarruda"]
[Result "1-0"]
[WhiteElo "2390"]
[BlackElo "2512"]
[TimeControl "180+1"]
[EndTime "15:51:24 PST"]
[Termination "Cristi_Coca won by resignation"]

1. e4 c5 2. c3 e6 3. d4 d5 4.
exd5 Qxd5 5. Nf3 Nf6 6. Na3 Be7 7. Be3 cxd4 8. Nb5 Na6 9. Bxd4 O-O 10. Be2 Bd7 11. c4 Qf5 12. O-O Bxb5 13. cxb5 Nc5 14. Rc1 Rfd8 15. Qc2 Qxc2 16. Rxc2 Rac8 17. Rfc1 Rxd4 18.
Nxd4 Rd8 19. Rxc5 Rxd4 20. Rc8+ Bd8 21. Rd1 1-0

[Event "Late-Titled-Tuesday-Blitz-February-20-2024"]
[Site "Chess.com"]
[Date "2024.02.20"]
[Round "10"]
[White "PNEPaul"]
[Black "miraitrunks"]
[Result "1-0"]
[WhiteElo "2006"]
[BlackElo "2182"]
[TimeControl "180+1"]
[EndTime "15:51:45 PST"]
[Termination "PNEPaul won by resignation"]

1. e4 c5 2. d4 cxd4 3. c3 d3 4. Bxd3 g6 5. Nf3 Bg7 6. Bc4 d6 7. Bg5 Nf6 8. e5 Ne4 9. Bxf7+ Kf8 10. e6 Nc6 11. O-O Qa5 12. Be3 Nd8 13. Nbd2 Nxd2 14. Qxd2 Bxe6 15. Bxe6 Nxe6 16. Bh6 Bxh6 17. Qxh6+ Kf7 18.
Rfe1 Raf8 19. b4 Qf5 20. Rxe6 1-0

[Event "Late-Titled-Tuesday-Blitz-February-20-2024"]
[Site "Chess.com"]
[Date "2024.02.20"]
[Round "10"]
[White "Fluffey"]
[Black "delqate"]
[Result "1-0"]
[WhiteElo "2426"]
[BlackElo "2506"]
[TimeControl "180+1"]
[EndTime "15:51:50 PST"]
[Termination "Fluffey won by resignation"]

1. d4 d5 2. Bf4 Nf6 3. e3 c5 4. Nf3 Nc6 5. Nbd2 Bg4 6. h3 Bxf3 7. Nxf3 e6 8. c3 Bd6 9. Bxd6 Qxd6 10. Bd3 O-O 11.
O-O e5 12. dxe5 Nxe5 13. Nxe5 Qxe5 14. Qa4 a6 15. Rad1 b5 16. Qa5 Rfd8 17. Rd2 Rd6 18.
Rfd1 Rad8 19. Bc2 h5 20. Qc7 c4 21. Rd4 g6 22. a4 Kg7 23. axb5 axb5 24. Ra1 g5 25. Ra7 R6d7 26. Qxe5 1-0

[Event "Late-Titled-Tuesday-Blitz-February-20-2024"]
[Site "Chess.com"]
[Date "2024.02.20"]
[Round "10"]
[White "Ajedrez_con_German"]
[Black "babero_gordo"]
[Result "1-0"]
[WhiteElo "2607"]
[BlackElo "2190"]
[TimeControl "180+1"]
[EndTime "15:51:51 PST"]
[Termination "Ajedrez_con_German won by checkmate"]

1. Nf3 Nf6 2. b3 d5 3. Bb2 Bg4 4. e3 c6 5. Be2 Nbd7 6. c4 e6 7.
cxd5 cxd5 8. O-O Bd6 9. a3 O-O 10. b4 Rc8 11. d3 e5 12. Nbd2 Qe7 13. h3 Bh5 14. Rc1 Bg6 15. Nh4 Rc7 16. Rxc7 Bxc7 17. Nxg6 hxg6 18. Qa4 Bb6 19. Rc1 e4 20. dxe4 Nxe4 21.
Nxe4 dxe4 22. Qb5 Nf6 23. Qg5 Rd8 24. Bc4 Rd6 25. Qxg6 Nd5 26. Qxg7# 1-0

[Event "Late-Titled-Tuesday-Blitz-February-20-2024"]
[Site "Chess.com"]
[Date "2024.02.20"]
[Round "10"]
[White "ajeale2"]
[Black "DefiantChair"]
[Result "0-1"]
[WhiteElo "2491"]
[BlackElo "2617"]
[TimeControl "180+1"]
[EndTime "15:51:53 PST"]
[Termination "DefiantChair won by resignation"]

1. d4 Nf6 2. Bf4 d5 3. e3 c5 4. c3 Nc6 5. Nd2 Qb6 6. Qb3 c4 7. Qc2 Bg4 8. e4 e6 9. h4 h6 10.
b3 cxb3 11. axb3 Be7 12. Bd3 Rc8 13. Qb2 dxe4 14. Nxe4 Nxe4 15. Bxe4 O-O 16. f3 Bh5 17. Ne2 Bf6 18. Bd6 Rfd8 19. Bc5 Qc7 20. Bxc6 Qxc6 21. Rxa7 e5 22. O-O b6 23. Be7 Bxe7 24. Rxe7 exd4 25.
cxd4 Qf6 26. Re4 Bg6 27. Rf4 Qe7 28. Ng3 Qe3+ 29. Rf2 Qxf4 30. Ne2 Qe3 0-1

[Event "Late-Titled-Tuesday-Blitz-February-20-2024"]
[Site "Chess.com"]
[Date "2024.02.20"]
[Round "10"]
[White "AlexeiShirov"]
[Black "NoHeThTo"]
[Result "1-0"]
[WhiteElo "2848"]
[BlackElo "2646"]
[TimeControl "180+1"]
[EndTime "15:51:55 PST"]
[Termination "AlexeiShirov won by resignation"]

1. e4 c5 2. Nf3 g6 3. c3 Bg7 4. d4 cxd4 5. cxd4 Nf6 6. Nc3 d5 7. e5 Ne4 8. Bd3 Bf5 9. Qc2 Nc6 10. O-O O-O 11. Nxe4 Nb4 12. Qe2 Nxd3 13. Ng3 Nxc1 14. Raxc1 Bd7 15. h4 h5 16. Ng5 e6 17. Nxh5 gxh5 18.
Qxh5 Re8 19. Qxf7+ Kh8 20. Qh5+ Kg8 21. Rc3 1-0

[Event "Late-Titled-Tuesday-Blitz-February-20-2024"]
[Site "Chess.com"]
[Date "2024.02.20"]
[Round "10"]
[White "MAGMAchess02"]
[Black "ural58"]
[Result "1-0"]
[WhiteElo "2271"]
[BlackElo "2463"]
[TimeControl "180+1"]
[EndTime "15:52:03 PST"]
[Termination "MAGMAchess02 won by resignation"]

1. e4 d5 2. exd5 Qxd5 3. Nf3 Bg4 4. Be2 Nc6 5. d4 O-O-O 6. Be3 e5 7. Nc3 Bb4 8. Nxe5 Bxe2 9. Qxe2 Nxe5 10. dxe5 Bxc3+ 11. bxc3 Qxg2 12. Rf1 Ne7 13. Bxa7 Nc6 14. Bd4 Rxd4 15. cxd4 Nxd4 16. Qd3 Nf3+ 17. Ke2 Rd8 18. Qxf3 Rd2+ 19. Ke3 Qg5+ 20. Qf4 Re2+ 21. Kf3 1-0

[Event "Late-Titled-Tuesday-Blitz-February-20-2024"]
[Site "Chess.com"]
[Date "2024.02.20"]
[Round "10"]
[White "egnfanclub"]
[Black "VinzentSpitzl"]
[Result "1-0"]
[WhiteElo "2401"]
[BlackElo "2514"]
[TimeControl "180+1"]
[EndTime "15:52:27 PST"]
[Termination "egnfanclub won by resignation"]

1. e4 c6 2. d4 d5 3. exd5 cxd5 4. c4 Nf6 5. Nc3 g6 6. cxd5 Nxd5 7. Qb3 Nxc3 8. Bc4 e6 9. bxc3 Nc6 10. Nf3 Bg7 11. Bg5 Qa5 12. O-O O-O 13. Rab1 Qf5 14. Qd1 b6 15. Bd3 Qa5 16. Qd2 Bb7 17. Rb5 Qa3 18. Bh6 Qd6 19. Bxg7 Kxg7 20. Re1 Rad8 21. Rh5 gxh5 22. Qg5+ Kh8 23. Qf6+ Kg8 24. Ng5 1-0

[Event "Late-Titled-Tuesday-Blitz-February-20-2024"]
[Site "Chess.com"]
[Date "2024.02.20"]
[Round "10"]
[White "JoakimVonAnd"]
[Black "Shankland"]
[Result "0-1"]
[WhiteElo "2696"]
[BlackElo "2932"]
[TimeControl "180+1"]
[EndTime "15:52:35 PST"]
[Termination "Shankland won by resignation"]

1. d4 Nf6 2. Nf3 g6 3. c4 Bg7 4. g3 O-O 5. Bg2 e6 6. O-O d5 7. Nc3 Nc6 8. b3 dxc4 9. bxc4 Re8 10. e4 Ng4 11. e5 Na5 12. h3 Nh6 13. Qa4 c5 14. d5 Bd7 15. Qc2 Nxc4 16. Ne4 exd5 17. Bg5 dxe4 18. Bxd8 exf3 19. Bxf3 Nxe5 20. Bxb7 Raxd8 21.
Rad1 Nf5 22. Rfe1 Nd4 23. Qc3 Nef3+ 24. Bxf3 Rxe1+ 25. Kg2 Nxf3 26. Qxf3 Rxd1 0-1

[Event "Late-Titled-Tuesday-Blitz-February-20-2024"]
[Site "Chess.com"]
[Date "2024.02.20"]
[Round "10"]
[White "LUISMIGUELOV"]
[Black "howitzer14"]
[Result "0-1"]
[WhiteElo "2169"]
[BlackElo "2985"]
[TimeControl "180+1"]
[EndTime "15:52:47 PST"]
[Termination "howitzer14 won by resignation"]

1. e4 e6 2. Nf3 d5 3. Nc3 Nf6 4. d3 c5 5. Bg5 Be7 6. e5 Nfd7 7. Bxe7 Qxe7 8. Nb5 Qd8 9. Nd6+ Kf8 10. Nb5 Qa5+ 11. Nc3 d4 12. Qd2 dxc3 13. bxc3 Nc6 14. Be2 Ndxe5 15. O-O Bd7 16. Nxe5 Nxe5 17. f4 Nc6 18. f5 exf5 19. g4 Nd4 20. gxf5 Qxc3 21. Qd1 Qxc2 22. Qxc2 Nxc2 23. Rac1 Nd4 24. Bg4 h5 25. Bh3 Ne2+ 26. Kg2 Nxc1 27. Rxc1 b6 28. d4 Rc8 29. dxc5 Rxc5 30. Rd1 Bc6+ 31. Kg3 Ke7 32. f6+ Kxf6 33. Rd6+ Ke5 0-1

[Event "Late-Titled-Tuesday-Blitz-February-20-2024"]
[Site "Chess.com"]
[Date "2024.02.20"]
[Round "10"]
[White "JackRodgers"]
[Black "ansko1999"]
[Result "1-0"]
[WhiteElo "2561"]
[BlackElo "2638"]
[TimeControl "180+1"]
[EndTime "15:52:50 PST"]
[Termination "JackRodgers won by resignation"]

1. d4 d6 2. c4 e5 3. d5 f5 4. e4 Nf6 5. Nc3 Ke7 6. exf5 Bxf5 7. Nge2 Nbd7 8. Ng3 Bg6 9. h4 h6 10. h5 Bh7 11.
Bd3 e4 12. Ncxe4 Nxe4 13. Bxe4 Bxe4 14. Nxe4 Nf6 15. Nxf6 gxf6 16. O-O Qd7 17. Re1+ Kd8 18. Re6 Qg7 19. Qf3 Be7 20. Bd2 Kc8 21. Rae1 Bd8 22.
Bc3 Rf8 23. Qf5 Qg5 24. Qxg5 hxg5 25. Re8 Rf7 26. Rh8 Kd7 27. Ree8 c6 28. h6 Re7 29. Rxe7+ Bxe7 30. Rxa8 1-0